AoeStats
← THIAGO

Arabia

510014219Analyzed
4v4 RM · 3d ago on Sep 29, 2026· 70m 47s· 8 players
Game mode
Random Map
Map size
Large (8 player)
Population
200
Speed
Normal
Resources
Standard
Victory
Conquest
Starting age
Dark Age
Ending age
Imperial Age
RankedLock teamsTeams togetherTeam positionsShared explorationLock speedFull tech treeHidden civsTurbo modeCheats
Victory
Defeat
🇧🇷 Sicilians · Brazil
829
+13
🇧🇷 Lithuanians · Brazil
802
+14
🇧🇷 Franks · Brazil
782
+15
🇧🇷 Bulgarians · Brazil
686
+19
🇨🇳 Spanish · China
842
-19
🇦🇷 Wei · Argentina
735
-14
🇨🇦 Teutons · Canada
723
-27
721
-14
LE WILLY WALLER
1:08 Loom
10:33 Feudal Age
11:52 Wheelbarrow
11:00 Horse Collar
11:15 Double-Bit Axe
17:41 Gold Mining
24:29 Castle Age
25:39 Padded Archer Armor
25:49 Forging
25:30 Fletching
25:40 Scale Mail Armor
25:46 Scale Barding Armor
26:24 Hand Cart
31:03 Bow Saw
45:11 Stone Mining
48:25 Pikeman
48:26 Man-at-Arms
49:10 Heavy Plow
51:50 Fortified Wall
Trennan Acetate - I don't lose
6:57 Loom
12:37 Feudal Age
14:48 Wheelbarrow
14:40 Double-Bit Axe
18:59 Horse Collar
21:24 Gold Mining
23:37 Castle Age
21:51 Scale Mail Armor
22:01 Forging
21:16 Man-at-Arms
23:09 Arson
24:27 Squires
23:48 Long Swordsman
28:25 Heavy Plow
28:32 Town Watch
29:10 Fletching
30:12 Bodkin Arrow
41:55 Stone Mining
52:05 Bow Saw
57:19 Hand Cart
60:37 Town Patrol
65:30 Imperial Age
63:44 Husbandry
70:38 Caravan
LRNI FacuRuiz10
11:34 Feudal Age
12:04 Double-Bit Axe
12:09 Horse Collar
13:02 Man-at-Arms
17:22 Gold Mining
17:24 Stone Mining
25:09 Wheelbarrow
30:31 Castle Age
30:35 Pikeman
32:06 Forging
31:59 Scale Mail Armor
31:46 Crossbowman
34:25 Iron Casting
俺讨厌种田
9:08 Loom
11:29 Feudal Age
19:24 Castle Age
18:22 Horse Collar
21:05 Double-Bit Axe
31:42 Scale Mail Armor
31:39 Light Cavalry
33:09 Bloodlines
32:59 Husbandry
36:59 Forging
37:04 Chain Mail Armor
36:54 Scale Barding Armor
36:39 Fletching
36:49 Padded Archer Armor
38:10 Scale Barding Armor
37:56 Fletching
38:06 Padded Archer Armor
38:41 Iron Casting
40:25 Chain Barding Armor
40:01 Bodkin Arrow
44:43 Imperial Age
42:49 Wheelbarrow
45:50 Supremacy
46:03 Caravan
45:30 Elite Conquistador
47:59 Plate Mail Armor
48:04 Plate Barding Armor
47:30 Bracer
48:30 Blast Furnace
49:30 Inquisition
50:51 Chemistry
Drakula Kill
11:41 Feudal Age
12:52 Loom
13:06 Double-Bit Axe
13:37 Gold Mining
14:57 Horse Collar
16:28 Stone Mining
21:59 Forging
21:50 Scale Mail Armor
25:21 Castle Age
26:37 Iron Casting
27:31 Gold Shaft Mining
28:24 Chain Mail Armor
38:18 Ballistics
41:31 Imperial Age
38:38 Elite Skirmisher
41:18 Caravan
42:11 Padded Archer Armor
42:10 Fletching
43:58 Stone Shaft Mining
46:08 Chemistry
44:53 Arrowslits
45:21 Masonry
45:16 Heavy Plow
47:08 Heated Shot
48:11 Leather Archer Armor
47:52 Bodkin Arrow
50:10 Bodkin Arrow
51:16 Blast Furnace
50:48 Plate Mail Armor
53:49 Wheelbarrow
53:00 Town Watch
53:19 Bracer
54:23 Elite Serjeant
55:27 Conscription
55:27 First Crusade
55:53 Hand Cart
55:39 Town Patrol
55:49 Town Patrol
60:23 Crop Rotation
61:10 Siege Engineers
61:00 Murder Holes
61:16 Clinker Construction
61:26 Shipwright
61:18 Careening
61:14 Siphons
61:17 Hauberk
60:43 Sappers
61:48 Hoardings
62:38 Heavy Mounted Crossbowman
62:38 Cranequins
62:39 Crossbowman
63:46 Pikeman
64:26 Squires
64:12 Arson
63:54 Heavy Scorpion
63:55 Onager
63:55 Capped Ram
64:42 Husbandry
64:52 Bloodlines
64:28 Light Cavalry
65:36 Dry Dock
64:52 Halberdier
65:35 Gambesons
65:11 Man-at-Arms
65:29 Cavalier
66:02 Long Swordsman
66:41 Siege Onager
67:18 Siege Ram
67:26 Two-Handed Swordsman
68:25 Champion
70:48 Coinage
70:29 Guilds
70:29 Scale Barding Armor
joselitopereirajr
11:49 Feudal Age
12:29 Loom
18:10 Castle Age
18:59 Horse Collar
19:58 Wheelbarrow
23:26 Scale Barding Armor
23:33 Forging
23:48 Double-Bit Axe
25:56 Chain Barding Armor
26:13 Iron Casting
30:40 Husbandry
30:51 Bloodlines
32:10 Hand Cart
34:50 Heavy Plow
39:01 Imperial Age
40:25 Conscription
40:24 Bow Saw
40:41 Elite Leitis
43:08 Crop Rotation
44:49 Gold Mining
49:28 Plate Barding Armor
48:42 Cavalier
48:48 Light Cavalry
51:24 Winged Hussar
57:10 Town Watch
65:43 Spies/Treason
Que vc se lasque
8:35 Loom
14:10 Feudal Age
14:47 Double-Bit Axe
16:08 Horse Collar
25:11 Scale Mail Armor
25:21 Forging
30:19 Castle Age
28:23 Gold Mining
30:17 Stone Mining
31:11 Scale Barding Armor
31:19 Bloodlines
31:23 Gambesons
32:24 Bow Saw
32:16 Heavy Plow
40:13 Gold Shaft Mining
40:14 Stone Shaft Mining
40:49 Wheelbarrow
43:59 Imperial Age
45:33 Conscription
44:36 Elite Skirmisher
46:49 Iron Casting
46:19 Bagains
47:36 Elite Konnik
49:34 Stirrups
51:21 Hand Cart
51:55 Crop Rotation
53:32 Blast Furnace
52:52 Chain Barding Armor
52:48 Chain Mail Armor
53:34 Squires
53:40 Padded Archer Armor
53:31 Fletching
54:35 Caravan
57:16 Plate Barding Armor
57:13 Plate Mail Armor
THIAGO
7:40 Loom
10:13 Feudal Age
20:22 Castle Age
20:42 Wheelbarrow
21:19 Double-Bit Axe
29:01 Bow Saw
30:00 Scale Barding Armor
32:07 Forging
32:53 Chain Barding Armor
33:46 Gold Mining
33:46 Stone Mining
35:25 Iron Casting
38:29 Hand Cart
39:09 Husbandry
40:11 Gold Shaft Mining
45:57 Imperial Age
48:42 Blast Furnace
48:19 Plate Barding Armor
52:38 Cavalier
58:52 Paladin
67:46 Spies/Treason
Connection lost

Rejoining the realm…

Still unreachable

The connection could not be restored.

Session expired

The server has moved on; the page needs a fresh start.